cohdb
Replays
Latest Replays
All Replays
Popular Replays
Top Player Replays
Match Explorer
How It Works
Community
CoH3 Stats
Reddit
Sign in to upload your games and track your stats! →
Sign in with Steam
Match 45309445
Unlisted
Match 45309445
Overview
Messages
Build Orders
End
Selects Airborne Battlegroup
Selects Heavy Machine Gun Paradrop
Heavy Machine Gun Paradrop
Engineer Squad
Construct Weapon Support Center
Bazooka Squad
Heavy Machine Gun Paradrop
Construct Medical Station
Infantry Support Center
.30 cal Machine Gun
M3 Armored Personnel Carrier
Selects Paratrooper Squad Paradrop
Paratrooper Squad Paradrop
Paratrooper Squad Paradrop
Munitions Surplus
Selects Anti-tank Gun Team Paradrop
Construct Tank Depot
Selects Recon Loiter
Selects Supply Drop
Supply Drop
Anti-tank Gun Team Paradrop
M4A1 Sherman Medium Tank
.30 cal Machine Gun
Supply Drop
Recon Loiter
M4A1 Sherman Medium Tank
CAuMOH
Otto Karius
Angrybirds
Xufe
0
0
Comments
sign in to comment!
No comments posted yet!